 Dungeon Crawl Stone Soup version 0.27.1-3-gb3d3a73c9e (webtiles) character file.

Game seed: 7742752700887915314

171 Urokeeper the Sneak (level 5, -1/43 HPs)
             Began as a Gnoll Brigand on Oct 9, 2021.
             Slain by an iguana (7 damage)
             ... on level 4 of the Dungeon.
             The game lasted 00:08:08 (3221 turns).

Urokeeper the Sneak (Gnoll Brigand)                 Turns: 3221, Time: 00:08:09

Health: -1/43      AC:  6    Str: 12    XL:     5   Next: 51%
Magic:  7/7        EV: 12    Int: 10    God:
Gold:   202        SH:  0    Dex: 13    Spells: 7/7 levels left

rFire    . . .     SeeInvis .   r - +1 dagger (speed)
rCold    . . .     Faith    .   (no shield)
rNeg     . . .     Spirit   .   j - +0 leather armour
rPois    .         Reflect  .   y - +2 hat
rElec    .         Harm     .   c - +0 cloak
rCorr    .         Rampage  .   (no gloves)
Will     .....                  (no boots)
Stlth    +++.......             (no amulet)
HPRegen  0.14/turn              (no ring)
MPRegen  0.10/turn              (no ring)

@: no status effects
A: fangs 1, strong nose, distributed training
a: no special abilities


You were on level 4 of the Dungeon.
You visited 1 branch of the dungeon, and saw 4 of its levels.

You collected 202 gold pieces.

Inventory:

Hand Weapons
 a - a +2 dagger
 k - a +0 falchion
 r - a +1 dagger of speed (weapon)
Missiles
 d - 24 poisoned darts
 e - a curare-tipped dart (quivered)
 f - 6 atropa-tipped darts
Armour
 b - a +0 robe
 c - a +0 cloak (worn)
 j - a +0 leather armour (worn)
 n - a +0 scale mail
 u - a +0 ring mail
 y - a +2 hat (worn)
 A - a +0 pair of boots
Jewellery
 p - a ring of positive energy
Scrolls
 g - 2 scrolls of teleportation
 i - 2 scrolls of amnesia
 l - 2 scrolls of summoning
 q - a scroll of blinking {unknown}
 t - a scroll of enchant weapon {unknown}
 v - a scroll of vulnerability {unknown}
 w - a scroll of identify
Potions
 h - a potion of curing
 m - a potion of mutation {unknown}
 o - 3 potions of heal wounds
 s - a potion of lignification
 x - a potion of attraction {unknown}
 z - 3 potions of flight {unknown}


   Skills:
 + Level 4.8 Fighting
 + Level 4.8 Short Blades
 + Level 1.5 Long Blades
 + Level 1.5 Axes
 + Level 1.5 Maces & Flails
 + Level 1.5 Polearms
 + Level 1.5 Staves
 + Level 1.5 Slings
 + Level 1.5 Bows
 + Level 1.5 Crossbows
 + Level 4.8 Throwing
 + Level 1.5 Armour
 + Level 3.0 Dodging
 + Level 7.9 Stealth
 + Level 1.5 Shields
 + Level 1.5 Unarmed Combat
 + Level 1.5 Spellcasting
 + Level 1.2 Conjurations
 + Level 1.2 Hexes
 + Level 1.2 Summonings
 + Level 1.2 Necromancy
 + Level 1.2 Translocations
 + Level 1.2 Transmutations
 + Level 1.2 Fire Magic
 + Level 1.2 Ice Magic
 + Level 1.2 Air Magic
 + Level 1.2 Earth Magic
 + Level 1.2 Poison Magic
 + Level 1.7 Invocations
 + Level 1.5 Evocations


You had 7 spell levels left.
You didn't know any spells.
Your spell library contained the following spells:

 Spells                   Type           Power      Damage    Failure   Level
 Animate Skeleton         Necr           6%         N/A       26%         1
 Pain                     Necr           12%        1d4       26%         1
 Vampiric Draining        Necr           1%         2d6       58%         3


Dungeon Overview and Level Annotations

Branches:
Dungeon (4/15)
 Temple: D:4-7

Altars:
Fedhas


Innate Abilities, Weirdness & Mutations

You have very sharp teeth.
Your uncanny sense of smell can sniff out nearby items.
Your experience applies equally to all skills.


Message History

The iguana is lightly wounded.
You hit the iguana.
The iguana is moderately wounded.
The iguana bites you.
You hit the iguana.
The iguana is moderately wounded.
You hit the iguana. You bite the iguana, but do no damage.
The iguana is heavily wounded.
The iguana barely misses you.
You closely miss the iguana.
The iguana is heavily wounded.
You hit the iguana but do no damage.
The iguana is heavily wounded.
The iguana bites you.
You hit the iguana but do no damage.
The iguana is heavily wounded.
You closely miss the iguana.
The iguana is heavily wounded.
You barely miss the iguana.
The iguana is heavily wounded.
The iguana bites you!
* * * LOW HITPOINT WARNING * * *
You hit the iguana but do no damage.
The iguana is heavily wounded.
You hit the iguana.
The iguana is heavily wounded.
The iguana bites you.
* * * LOW HITPOINT WARNING * * *
You hit the iguana but do no damage.
The iguana is heavily wounded.
You hit the iguana but do no damage.
The iguana is heavily wounded.
The iguana closely misses you.
You hit the iguana.
The iguana is severely wounded.
An adder skeleton comes into view.
You closely miss the iguana.
The iguana is severely wounded.
The iguana bites you!
You die...

# .# ..... .+ #....# ..#
########♣≈≈ #....###+###..
#...♣♣≈≈≈≈≈ #............
#.≈♣♣≈≈≈≈≈≈
#..........#######≈≈≈≈≈≈≈≈≈≈
+.........l@.....≈≈P≈≈≈≈≈≈≈≈
#..........#######≈≈≈≈P≈≈≈≈P
#......[...# #.♣≈♣≈≈....
#..........# #..........
#..........# #..........
#......Z......# #......≈≈≈.
#....########## #.....♣≈≈≈≈
+.... #......♣P≈≈ #...
#......#♣♣♣


You could see an iguana and an adder skeleton (wandering).

Vanquished Creatures
  Blork the orc (D:4)
  4 adders
  An adder skeleton (D:2)
  2 worms
  2 orcs (D:3)
  8 ball pythons
  5 bats
  3 endoplasms
  A giant cockroach (D:4)
  11 goblins
  4 hobgoblins
  2 jackals (D:4)
  A quokka (D:3)
  3 frilled lizards
  5 kobolds
  3 rats
56 creatures vanquished.

Vanquished Creatures (others)
  12 plants (D:4)
12 creatures vanquished.

Grand Total: 68 creatures vanquished

Notes
Turn   | Place    | Note
-------+----------+-------------------------------------------
     0 | D:1      | Urokeeper the Gnoll Brigand began the quest for the Orb.
     0 | D:1      | Reached XP level 1. HP: 20/20 MP: 1/1
   175 | D:1      | Reached XP level 2. HP: 26/26 MP: 2/2
   419 | D:1      | Found a faded altar of an unknown god.
   722 | D:2      | Reached XP level 3. HP: 20/31 MP: 3/3
  1134 | D:2      | Reached skill level 1 in Invocations
  1570 | D:2      | Found a blossoming altar of Fedhas.
  1574 | D:2      | Reached skill level 1 in Long Blades
  1574 | D:2      | Reached skill level 1 in Axes
  1574 | D:2      | Reached skill level 1 in Maces & Flails
  1574 | D:2      | Reached skill level 1 in Polearms
  1574 | D:2      | Reached skill level 1 in Staves
  1574 | D:2      | Reached skill level 1 in Slings
  1574 | D:2      | Reached skill level 1 in Bows
  1574 | D:2      | Reached skill level 1 in Crossbows
  1574 | D:2      | Reached skill level 1 in Armour
  1574 | D:2      | Reached skill level 1 in Shields
  1574 | D:2      | Reached skill level 1 in Unarmed Combat
  1574 | D:2      | Reached skill level 1 in Spellcasting
  1574 | D:2      | Reached skill level 1 in Evocations
  1893 | D:2      | Reached XP level 4. HP: 37/38 MP: 5/5
  2696 | D:4      | Reached skill level 1 in Conjurations
  2696 | D:4      | Reached skill level 1 in Hexes
  2696 | D:4      | Reached skill level 1 in Summonings
  2696 | D:4      | Reached skill level 1 in Necromancy
  2696 | D:4      | Reached skill level 1 in Translocations
  2696 | D:4      | Reached skill level 1 in Transmutations
  2696 | D:4      | Reached skill level 1 in Fire Magic
  2696 | D:4      | Reached skill level 1 in Ice Magic
  2696 | D:4      | Reached skill level 1 in Air Magic
  2696 | D:4      | Reached skill level 1 in Earth Magic
  2696 | D:4      | Reached skill level 1 in Poison Magic
  2881 | D:4      | Noticed Blork the orc
  2913 | D:4      | Killed Blork the orc
  2914 | D:4      | Reached XP level 5. HP: 43/43 MP: 5/7
  3221 | D:4      | Slain by an iguana

Illustrated notes

Levels and vault maps discovered:
D:1:      minmay_arrival_five_plusses, layout_rooms,
          shapermc_ecumenical_altar_notcrosses, minmay_misc_feat_x
D:2:      layout_basic, basic_altar
D:3:      layout_rooms
D:4:      layout_basic, lemuel_doored_altar, minmay_misc_feat_enclosed,
          serial_bayou_ford_a, chequers_arboretum, amcnicky_mini_pool_small,
          uniq_blork_the_orc

Skill      XL: |  1  2  3  4 |
---------------+-------------+-----
Invocations    | 1 |  1.7
Long Blades    | 1 |  1.5
Axes           | 1 |  1.5
Maces & Flails | 1 |  1.5
Polearms       | 1 |  1.5
Staves         | 1 |  1.5
Slings         | 1 |  1.5
Bows           | 1 |  1.5
Crossbows      | 1 |  1.5
Armour         | 1 |  1.5
Shields        | 1 |  1.5
Unarmed Combat | 1 |  1.5
Spellcasting   | 1 |  1.5
Evocations     | 1 |  1.5
Conjurations   | 1 |  1.2
Hexes          | 1 |  1.2
Summonings     | 1 |  1.2
Necromancy     | 1 |  1.2
Translocations | 1 |  1.2
Transmutations | 1 |  1.2
Fire Magic     | 1 |  1.2
Ice Magic      | 1 |  1.2
Air Magic      | 1 |  1.2
Earth Magic    | 1 |  1.2
Poison Magic   | 1 |  1.2
Dodging        | 3 |  3.0
Fighting       | |  4.8
Short Blades   | |  4.8
Throwing       | |  4.8
Stealth        | |  7.9

Action                   |  1- 3 |  4- 6 || total
-------------------------+-------+-------++-------
Melee: Dagger            |   117 |   147 ||   264
       Bite              |     6 |    14 ||    20
Throw: Dart              |     2 |       ||     2
  Use: Scroll            |     4 |     2 ||     6
       Potion            |     1 |       ||     1
 Stab: Sleeping          |     8 |     1 ||     9
Armor: Robe              |     3 |       ||     3
       Leather armour    |    17 |    26 ||    43
Dodge: Dodged            |    42 |    43 ||    85
